 Dungeon Crawl Stone Soup version 0.31.0-11-ge490571c62 (console) character file.

Game seed: 9714198344311634931

368072 Ignak the Swashbuckler (level 22, -20/230 HPs)
             Began as a Gnoll Hedge Wizard on Feb 5, 2024.
             Was an Elder of Sif Muna.
             Shot with a bolt by a yaktaur captain (27 damage)
             ... on level 5 of the Vaults on Feb 7, 2024.
             The game lasted 03:17:49 (58698 turns).

Ignak the Swashbuckler (Gnoll Hedge Wizard)        Turns: 58698, Time: 03:17:50

Health: -20/230    AC: 22    Str: 10    XL:     22   Next: 60%
Magic:  8/43       EV: 17    Int: 27    God:    Sif Muna [****..]
Gold:   3538       SH: 10    Dex: 11    Spells: 3/55 levels left

rFire   + . .        z - +7 scimitar {flame, rElec Will+}
rCold   . . .        t - +3 buckler {reflect}
rNeg    . . .        k - +3 troll leather armour
rPois   +            v - +2 helmet {SInv}
rElec   +            U - +2 cloak {rPois}
rCorr   .            K - +2 pair of gloves
SInv    +            N - +2 pair of boots {Fly}
Will    ++...        g - amulet of the acrobat
Stlth   ++++++       m - ring of wizardry
HPRegen 1.38/turn    f - ring of protection from fire
MPRegen 0.28/turn

%: reflection, acrobat, wizardry (x1)
@: marked, flying, slightly contaminated, studying Short Blades, invisible
(expiring)
A: fangs 1, strong nose, distributed training, clever 1, robust 3
}: 2/15 runes: barnacled, gossamer
a: Renounce Religion, Channel Magic, Forget Spell, Divine Exegesis


You were on level 5 of the Vaults.
You worshipped Sif Muna.
Sif Muna was greatly pleased with you.
You visited 8 branches of the dungeon, and saw 38 of its levels.
You also visited: Sewer, Bailey and Ice Cave.

You collected 4110 gold pieces.
You spent 572 gold pieces at shops.

Inventory:

Hand Weapons
 a - the +10 hand axe of Classification {spect, rElec Will- Int+6}
   (You found it on level 4 of the Lair of Beasts)

   Int+6:     It affects your intelligence (+6).
   rElec:     It insulates you from electricity.
   Will-:     It decreases your willpower.
 c - a +4 heavy demon blade
 z - the +7 scimitar of Buugethro (weapon) {flame, rElec Will+}
   (You found it on level 12 of the Dungeon)

   rElec:     It insulates you from electricity.
   Will+:     It increases your willpower.
Missiles
 S - 18 poisoned darts (quivered)
Armour
 k - a +3 troll leather armour (worn)
 t - a +3 buckler of reflection (worn)
 v - a +2 helmet of see invisible (worn)
 A - a +2 leather armour of poison resistance
 F - a +3 buckler of protection
 K - a +2 pair of gloves (worn)
 N - a +2 pair of boots of flying (worn)
 U - a +2 cloak of poison resistance (worn)
Jewellery
 f - a ring of protection from fire (right hand)
 g - an amulet of the acrobat (around neck)
 m - a ring of wizardry (left hand)
 D - the macabre finger necklace {Finger+ rN+}
   (You found it on level 2 of the Vaults)

   [amulet of nothing]

   Finger+:   It enables you to equip an extra ring.
   rN+:       It protects you from negative energy.
 Z - an amulet of reflection
Wands
 q - a wand of digging (10)
 r - a wand of iceblast (40)
 u - a wand of polymorph (30)
 L - a wand of charming (16)
 V - a wand of light (12)
 W - a wand of flame (18)
 X - a wand of mindburst (32)
Scrolls
 e - a scroll of blinking
 j - 6 scrolls of revelation
 o - 17 scrolls of teleportation
 w - 6 scrolls of fog
 y - a scroll of brand weapon
 B - 8 scrolls of enchant armour
 C - 6 scrolls of fear
 G - 7 scrolls of poison
 I - 3 scrolls of amnesia
 R - 18 scrolls of identify
 T - 3 scrolls of vulnerability
Potions
 b - 2 potions of berserk rage
 d - 2 potions of magic
 h - 7 potions of mutation
 i - 8 potions of heal wounds
 n - 7 potions of brilliance
 p - 9 potions of curing
 s - 3 potions of cancellation
 x - 8 potions of lignification
 E - a potion of invisibility
 H - 4 potions of ambrosia
 O - 3 potions of haste
 P - 4 potions of enlightenment
Miscellaneous
 l - a lightning rod (4/4)
 M - a phial of floods
 Q - a phantom mirror
 Y - a box of beasts


   Skills:
 + Level 15.6 Fighting
 + Level 17.7 Short Blades
 + Level 15.6 Long Blades
 + Level 15.6 Axes
 + Level 15.6 Maces & Flails
 + Level 15.6 Polearms
 + Level 15.6 Staves
 + Level 15.6 Ranged Weapons
 + Level 15.6 Throwing
 + Level 15.6 Armour
 + Level 16.2 Dodging
 + Level 16.1 Stealth
 + Level 15.6 Shields
 + Level 15.6 Unarmed Combat
 + Level 17.0 Spellcasting
 + Level 13.5 Conjurations
 + Level 13.3 Hexes
 + Level 13.5 Summonings
 + Level 13.3 Necromancy
 + Level 13.5 Translocations
 + Level 13.3 Fire Magic
 + Level 13.3 Ice Magic
 + Level 13.3 Air Magic
 + Level 13.3 Earth Magic
 + Level 13.3 Alchemy
 + Level 17.0 Invocations
 + Level 15.6 Evocations
 + Level 14.4 Shapeshifting


You had 3 spell levels left.
You knew the following spells:

 Your Spells              Type           Power      Damage    Failure   Level
a - Haunt                 Necr/Summ      38%        N/A       4%          7
b - Blink                 Tloc           100%       N/A       0%          2
c - Frozen Ramparts       Ice            100%       1d16      1%          3
d - Mephitic Cloud        Conj/Alch/Air  77%        N/A       1%          3
e - Maxwell's Capacitive  Air            38%        ∞         32%         8
f - Lee's Rapid Deconstr  Erth           38%        3d19*     1%          5
g - Swiftness             Air            76%        N/A       1%          3
q - Anguish               Hex/Necr       38%        N/A       1%          4
t - Passwall              Erth           76%        N/A       1%          3
w - Fugue of the Fallen   Necr           76%        N/A       1%          3
x - Ozocubu's Refrigerat  Ice            38%        4d15      4%          7
z - Olgreb's Toxic Radia  Alch           76%        N/A       1%          4

Your spell library contained the following spells:

 Spells                   Type           Power      Damage    Failure   Level
 Magic Dart               Conj           100%       1d8       0%          1
 Slow                     Hex            100%       N/A       0%          1
 Sting                    Conj/Alch      100%       1d9       0%          1
 Summon Small Mammal      Summ           100%       N/A       0%          1
 Call Imp                 Summ           100%       N/A       0%          2
 Cigotuvi's Dreadful Rot  Necr/Alch/Air  100%       N/A       0%          2
 Ensorcelled Hibernation  Hex/Ice        100%       N/A       0%          2
 Jinxbite                 Hex            100%       N/A       0%          2
 Lesser Beckoning         Tloc           100%       N/A       0%          2
 Mercury Vapours          Alch/Air       100%       N/A       0%          2
 Momentum Strike          Conj/Tloc      100%       3d10      0%          2
 Scorch                   Fire           100%       2d9       0%          2
 Sublimation of Blood     Necr           76%        N/A       0%          2
 Call Canine Familiar     Summ           77%        N/A       1%          3
 Confusing Touch          Hex            76%        N/A       1%          3
 Dazzling Flash           Conj/Hex       100%       N/A       1%          3
 Inner Flame              Hex/Fire       76%        N/A       1%          3
 Ozocubu's Armour         Ice            76%        N/A       1%          3
 Sigil of Binding         Hex            76%        N/A       1%          3
 Stone Arrow              Conj/Erth      100%       3d13      1%          3
 Summon Ice Beast         Ice/Summ       77%        N/A       1%          3
 Teleport Other           Tloc           77%        N/A       1%          3
 Tukima's Dance           Hex            76%        N/A       1%          3
 Volatile Blastmotes      Fire/Tloc      100%       2d18      1%          3
 Airstrike                Air            38%        2d(6-22)  1%          4
 Animate Armour           Summ/Erth      100%       N/A       1%          4
 Animate Dead             Necr           76%        N/A       1%          4
 Brom's Barrelling Bould  Conj/Erth      77%        2d9       1%          4
 Cause Fear               Hex            38%        N/A       1%          4
 Dimensional Bullseye     Hex/Tloc       38%        N/A       1%          4
 Dispel Undead            Necr           76%        3d25      1%          4
 Flame Wave               Conj/Fire      77%        2d17      1%          4
 Fulminant Prism          Conj/Alch      38%        3d17      1%          4
 Ignite Poison            Fire/Alch      76%        N/A       1%          4
 Iskenderun's Mystic Bla  Conj/Tloc      77%        2d15      1%          4
 Leda's Liquefaction      Alch/Erth      38%        N/A       1%          4
 Manifold Assault         Tloc           77%        N/A       1%          4
 Martyr's Knell           Necr/Summ      77%        N/A       1%          4
 Passage of Golubria      Tloc           77%        N/A       1%          4
 Petrify                  Alch/Erth      76%        N/A       1%          4
 Sticky Flame             Fire/Alch      76%        2d12      1%          4
 Summon Blazeheart Golem  Fire/Summ      77%        N/A       1%          4
 Summon Lightning Spire   Summ/Air       77%        N/A       1%          4
 Alistair's Intoxication  Alch           50%        N/A       1%          5
 Borgnjor's Vile Clutch   Necr/Erth      38%        N/A       1%          5
 Curse of Agony           Necr           76%        N/A       1%          5
 Fireball                 Conj/Fire      38%        3d16      1%          5
 Iskenderun's Battlesphe  Conj           77%        2d13      1%          5
 Metabolic Englaciation   Hex/Ice        38%        N/A       1%          5
 Silence                  Hex/Air        38%        N/A       1%          5
 Summon Forest            Summ/Tloc      38%        N/A       1%          5
 Summon Mana Viper        Hex/Summ       77%        N/A       1%          5
 Yara's Violent Unravell  Hex/Alch       38%        3d15      1%          5
 Bombard                  Conj/Erth      38%        9d7       1%          6
 Conjure Ball Lightning   Conj/Air       38%        3x3d12    1%          6
 Death Channel            Necr           38%        N/A       1%          6
 Dispersal                Tloc           38%        N/A       1%          6
 Eringya's Noxious Bog    Alch           38%        4d6       1%          6
 Plasma Beam              Fire/Air       38%        2x1d51    1%          6
 Sculpt Simulacrum        Ice/Alch       38%        N/A       1%          6
 Starburst                Conj/Fire      38%        6d11      1%          6
 Summon Cactus Giant      Summ           38%        N/A       1%          6
 Enfeeble                 Hex            38%        N/A       4%          7
 Monstrous Menagerie      Summ           38%        N/A       4%          7
 Orb of Destruction       Conj           38%        9d11      4%          7
 Spellforged Servitor     Conj/Summ      38%        N/A       4%          7
 Summon Hydra             Summ           38%        N/A       4%          7
 Disjunction              Tloc           38%        N/A       30%         8
 Discord                  Hex            38%        N/A       32%         8
 Ignition                 Fire           38%        3d11      32%         8
 Infestation              Necr           38%        N/A       32%         8
 Lehudib's Crystal Spear  Conj/Erth      38%        10d10     32%         8
 Chain Lightning          Conj/Air       38%        3d51      99%         9
 Fire Storm               Conj/Fire      38%        8d10      99%         9
 Polar Vortex             Ice            38%        12d5*     99%         9
 Shatter                  Erth           38%        3d30*     99%         9


Dungeon Overview and Level Annotations

Branches:
Dungeon (15/15)            Temple (1/1) D:6            Lair (5/5) D:11
 Shoals (4/4) Lair:3       Spider (4/4) Lair:2        Slime (0/5) Lair:4
    Orc (2/2) D:9             Elf (2/3) Orc:2        Vaults (5/5) D:13
  Crypt (0/3) Vaults:3     Depths (0/4) D:15          Sewer (visited)
 Bailey (visited)           IceCv (visited)

Altars:
Ashenzari
Cheibriados
Dithmenos
Elyvilon
Fedhas
Gozag
Hepliaklqana
Kikubaaqudgha
Makhleb
Nemelex Xobeh
Okawaru
Qazlal
Ru
Sif Muna
Trog
Uskayaw
Vehumet
Wu Jian
Xom
Yredelemnul
Zin
The Shining One
Jiyva
Lugonu

Shops:
D:5 *   D:15 [   Orc:2 (::(   Vaults:1 *

Portals:
Abyss: Lair:5
Trove: D:12 (give 10 potions of heal wounds)

Annotations:
D:6 1 runed translucent door, hitsuchi's ghost, novice GnSh
Lair:3 1 runed translucent door, Tomate's ghost, journeyman DENe
Lair:4 1 runed translucent door
Elf:2 5 transporters, 3 runed translucent doors


Innate Abilities, Weirdness & Mutations

You have very sharp teeth.
Your uncanny sense of smell can sniff out nearby items.
Your experience applies equally to all skills.
Your mind is acute. (Int +4, Str/Dex -1)
You are extremely robust. (+30% HP)


Message History

You are lightly contaminated with residual magic.
There is a short, sharp shower of sparks!
You resist.
* * * LOW HITPOINT WARNING * * *
Casting: Maxwell's Capacitive Coupling (dangerous; 32% risk of failure)
Confirm with . or Enter, or press ? or * to list all spells.
You begin accumulating electric charge. (Press . to continue charging.)
You feel charge building up... Sif Muna accepts your kill.
You feel a bit more experienced.
You feel charge building up...
A deep troll comes into view.
The yaktaur captain unwields a +0 great mace.
The yaktaur captain wields a +0 arbalest.
The yaktaur captain shoots a bolt.
The bolt hits the stone giant!!!
You feel charge building up...
You feel charge building up...
An ironbound preserver comes into view.
It is wielding a +0 great mace of draining.
The titan hits you!!!
* * * LOW HITPOINT WARNING * * *
The stone giant completely misses you.
You feel charge building up...
You feel yourself slow down.
You flicker for a moment.
The stone giant looks more healthy.
A deep troll comes into view.
You block the titan's attack. The stone giant completely misses you.
Press: ? - help, v - describe, . - travel, g - get item Item here: a staff of cold.
The floor.
Unknown command.
Okay, then.
Blink to where?
Press: ? - help, Dir - move target The insufficient charge dissipates harmlessly.
A vault warden, a storm dragon, a deep elf death mage and a deep troll come into view.
The deep elf death mage is wielding a +4 spectral quarterstaff.
As you read the scroll of blinking, it crumbles to dust.
The yaktaur captain shoots a bolt.
The bolt hits you!!
You die...

..... ....
########### ##.. #
#)|"$.§§§§# #...
.. #=)$(.$CCC# ..#
...#####...§§#####
#
............X.D...
# #.......cT#....
# #...@..p..#....
# ###..#..### #..
# #...D.T.T.# .. #
#.........# #
......#....p. #
.....e.#....... #
...#..#####..#..#
# #..... ....... #
.. ....... #


You could see a tentacled monstrosity, an ironbound preserver (unable to see
you), 2 titans, a storm dragon (unable to see you), a quicksilver dragon
(poisoned), a stone giant (unable to see you), a vault warden, a deep elf death
mage, a yaktaur captain (unable to see you) and 2 deep trolls.

Vanquished Creatures
  A dread lich (Vaults:5)
  Mara (Shoals:4)
  Saint Roka (Orc:1)
  Nikola (Spider:2)
  A hellephant (Vaults:3)
  Rupert (D:13)
  3 tentacled monstrosities
  A titan (Vaults:3)
  5 sphinxes
  A quicksilver dragon (Vaults:5)
  A tengu reaver (Vaults:4)
  A shadow dragon (Vaults:5)
  A storm dragon (Vaults:5)
  4 emperor scorpions
  9 vault wardens
  Ilsuiw (Shoals:3)
  The ghost of Jafont the Arsonist, a journeyman HOFE of Okawaru (Shoals:2)
  4 fire giants
  The ghost of Lamaleuchte the Grappler, a journeyman TrWr of Wu Jian (Orc:2)
  A ghoul (Vaults:3)
  4 ghost moths
  4 deep elf sorcerers
  4 stone giants
  4 orc warlords
  2 formless jellyfish
  18 ironbound preservers
  6 ironbound thunderhulks
  2 broodmothers
  Nessos (D:12)
  6 war gargoyles
  3 spark wasps
  A deep elf annihilator (Vaults:5)
  6 dire elephants
  7 merfolk javelineers
  An ettin (Vaults:5)
  8 merfolk impalers
  13 yaktaur captains
  2 crystal guardians
  4 entropy weavers
  3 rakshasas (D:15)
  32 vault guards
  7 great orbs of eyes
  12 ironbound frosthearts
  Fannar (D:12)
  4 hydras
  A catoblepas (D:14)
  3 merfolk avatars
  11 centaur warriors
  4 peacekeepers
  4 jorogumos
  A death knight (Vaults:3)
  16 two-headed ogres
  An alligator (Lair:1)
  An anaconda (Lair:1)
  The ghost of Gottschkopf the Devastator, a journeyman DECj of Sif Muna (D:13)
  4 merfolk aquamancers
  2 radroaches
  4 ogre magi
  3 alligator snapping turtles
  10 dancing weapons
  4 satyrs
  2 tengu warriors (D:13)
  3 boulder beetles
  A deep troll earth mage (Vaults:3)
  2 demonic crawlers
  An orc high priest (Orc:1)
  3 thrashing horrors (Lair:5)
  Nergalle (Orc:1)
  3 hell knights (Vaults:3)
  6 skeletal warriors
  5 deep elf knights
  Amaemon (Lair:4)
  4 sea snakes
  10 pharaoh ants
  37 deep trolls
  3 large abominations
  6 skysharks
  A deep troll (shapeshifter) (Elf:1)
  A glowing orange brain (D:15)
  6 orb spiders
  7 arcanists
  6 orc knights
  14 ironbound convokers
  A lindwurm (Vaults:1)
  An orb spider (shapeshifter) (D:15)
  2 phantasmal warriors
  9 steelbarb worms
  6 deep elf archers
  22 harpies
  8 deep elf zephyrmancers
  A steelbarb worm (shapeshifter) (Vaults:5)
  15 wolf spiders
  30 ugly things
  14 deep elf pyromancers
  5 necromancers
  Maurice (D:12)
  11 fauns
  3 orc sorcerers (Orc:1)
  14 manticores
  9 cyclopes
  7 meliai
  9 elephants
  4 moths of wrath
  3 ice statues (IceCv)
  2 kobold blastminers
  5 water nymphs
  3 smoke demons (Lair:5)
  19 vault sentinels
  3 black mambas
  5 merfolk sirens
  2 gargoyles
  An orange demon (Lair:2)
  16 cane toads
  5 torpor snails
  An unseen horror (shapeshifter) (Lair:5)
  10 komodo dragons
  15 yaktaurs
  An efreet (D:15)
  2 freezing wraiths
  3 unseen horrors
  4 rime drakes
  A tengu conjurer (D:15)
  An anaconda simulacrum (IceCv)
  2 ice devils (Lair:3)
  5 trolls
  2 polar bears
  26 merfolk
  13 wind drakes
  2 raiju
  A wolf spider simulacrum (D:14)
  3 hornets
  29 blink frogs
  15 tarantellas
  5 snapping turtles
  15 dream sheep
  22 culicivoras
  4 air elementals
  23 slime creatures
  A vampire (D:13)
  21 jumping spiders
  2 spriggans (Lair:5)
  Sigmund (D:6)
  A shadow (D:13)
  2 wraiths
  A yak (shapeshifter) (D:15)
  19 water elementals
  25 yaks
  4 wyverns
  Eustachio (D:6)
  3 fire elementals (Elf:2)
  Grum (D:10)
  5 hogs (D:13)
  A basilisk (shapeshifter) (D:14)
  5 steam dragons
  33 redbacks
  9 basilisks
  A death yak simulacrum (IceCv)
  3 vampire mosquitoes (D:15)
  Edmund (D:6)
  3 chaos spawn (Lair:5)
  2 acid dragons
  2 hydra simulacra (IceCv)
  8 water moccasins
  2 ice beasts
  35 orc warriors
  2 sky beasts (D:7)
  A swamp drake (shapeshifter) (Vaults:4)
  5 black bears
  3 boggarts (Vaults:2)
  2 laughing skulls (D:13)
  An ogre (shapeshifter) (D:14)
  13 wolves
  28 ogres
  2 centaurs
  A phantom (D:7)
  A kobold brigand (D:10)
  14 bullfrogs
  4 elf zombies (Elf:1)
  11 small abominations (Lair:5)
  6 scorpions
  2 cane toad simulacra (IceCv)
  8 wights
  A spectral ogre (Orc:2)
  9 killer bees
  2 elephant simulacra (IceCv)
  4 electric eels
  3 howler monkeys
  A kobold simulacrum (Orc:2)
  2 hounds
  21 orc priests
  A gnoll bouda (D:8)
  5 iguanas
  2 sleepcaps
  Ijyb (D:4)
  23 orc wizards
  Robin (D:4)
  7 gnolls
  14 adders
  An ogre simulacrum (Orc:2)
  6 river rats
  A shadow imp (D:5)
  An orc simulacrum (Orc:2)
  3 ufetubi
  3 ribbon worms
  2 dart slugs
  89 orcs
  3 bats
  6 endoplasms
  2 giant cockroaches
  11 goblins
  9 hobgoblins
  4 jackals
  4 quokkas
  12 ball pythons
  2 frilled lizards (D:1)
  17 kobolds
  16 rats
1414 creatures vanquished.

Vanquished Creatures (collateral kills)
  Margery (Vaults:3)
  A golden dragon (Vaults:3)
  Norris (Vaults:1)
  A titan (Shoals:4)
  Kirke (D:13)
  Donald (Vaults:3)
  A vault warden (Vaults:2)
  3 emperor scorpions (Spider:4)
  A ghost moth (Spider:4)
  4 ironbound preservers
  2 ironbound thunderhulks (Vaults:2)
  2 deep elf death magi
  A war gargoyle (Vaults:3)
  5 great orbs of eyes
  A yaktaur captain (Vaults:2)
  2 vault guards (Vaults:2)
  A centaur warrior (Vaults:1)
  2 ironbound frosthearts
  A peacekeeper (Vaults:3)
  A boulder beetle (Vaults:2)
  A skyshark (Vaults:1)
  A glowing orange brain (Vaults:2)
  A skeletal warrior (Vaults:3)
  3 deep trolls (Vaults:2)
  An orb spider (shapeshifter) (Vaults:5)
  4 ironbound convokers
  2 necromancers
  A harpy (Shoals:4)
  2 manticores (Shoals:4)
  An ugly thing (Vaults:2)
  A spectral ettin (Orc:2)
  A stone giant zombie (Vaults:2)
  2 nameless horrors
  4 vault sentinels (Vaults:2)
  A fire giant skeleton (Vaults:2)
  A water nymph (Shoals:4)
  A freezing wraith (Vaults:5)
  3 merfolk (Shoals:4)
  2 blink frogs
  A dire elephant simulacrum (IceCv)
  A water elemental (Shoals:4)
  A wraith (Vaults:3)
  An air elemental (Shoals:4)
  An elf skeleton (Vaults:2)
  Menkaure (D:5)
  2 boggarts (Vaults:2)
  A bullfrog (Sewer)
  2 howler monkeys
  A jelly (D:4)
  A kobold simulacrum (Orc:2)
  An orc priest (D:7)
  A spectral orc (Orc:2)
  An orc wizard (D:5)
  A gnoll (D:4)
  4 adders
  A river rat (Sewer)
  An ufetubus (D:5)
  4 orcs
  4 ball pythons
  3 goblins
  5 hobgoblins (D:4)
  A jackal (D:6)
  A kobold (D:3)
  A quokka (D:3)
  A frilled lizard (Sewer)
  6 rats
115 creatures vanquished.

Vanquished Creatures (others)
  An ogre mage (Orc:2)
  2 hydras
  4 two-headed ogres (Orc:2)
  Urug (D:12)
  A fire crab (Lair:1)
  A deep elf pyromancer (Elf:2)
  2 deep elf zephyrmancers
  A phantasmal warrior (Vaults:5)
  A water nymph (Shoals:4)
  A troll (Orc:1)
  A blink frog (Lair:5)
  A water elemental (Shoals:4)
  A steam dragon (Shoals:1)
  An orc warrior (Orc:2)
  2 ogres (Orc:2)
  An electric eel (Lair:1)
  An orc priest (Orc:2)
  An orc (Orc:1)
  13 spectral weapons
37 creatures vanquished.

Grand Total: 1566 creatures vanquished

Notes
Turn   | Place    | Note
-------+----------+-------------------------------------------
     0 | D:1      | Ignak the Gnoll Hedge Wizard began the quest for the Orb.
     0 | D:1      | Reached XP level 1. HP: 13/13 MP: 8/8
   205 | D:1      | Reached XP level 2. HP: 19/19 MP: 10/10
   636 | D:2      | Learned a level 2 spell: Blink
   639 | D:2      | Learned a level 2 spell: Call Imp
   721 | D:2      | Reached XP level 3. HP: 25/25 MP: 8/11
  1183 | D:2      | Found a faded altar of an unknown god.
  1414 | D:3      | Learned a level 3 spell: Mephitic Cloud
  1460 | D:3      | Reached skill level 1 in Invocations
  1492 | D:3      | Reached skill level 1 in Fighting
  1492 | D:3      | Reached skill level 1 in Short Blades
  1492 | D:3      | Reached skill level 1 in Long Blades
  1492 | D:3      | Reached skill level 1 in Axes
  1492 | D:3      | Reached skill level 1 in Maces & Flails
  1492 | D:3      | Reached skill level 1 in Polearms
  1492 | D:3      | Reached skill level 1 in Staves
  1492 | D:3      | Reached skill level 1 in Ranged Weapons
  1492 | D:3      | Reached skill level 1 in Throwing
  1492 | D:3      | Reached skill level 1 in Armour
  1492 | D:3      | Reached skill level 1 in Shields
  1492 | D:3      | Reached skill level 1 in Unarmed Combat
  1492 | D:3      | Reached skill level 1 in Evocations
  1541 | D:3      | Reached skill level 1 in Shapeshifting
  1541 | D:3      | Reached XP level 4. HP: 26/32 MP: 13/13
  2077 | D:4      | HP: 1/32 [orc wizard/+0 dagger (3)]
  2392 | D:4      | Reached skill level 1 in Hexes
  2392 | D:4      | Reached skill level 1 in Necromancy
  2392 | D:4      | Reached skill level 1 in Fire Magic
  2392 | D:4      | Reached skill level 1 in Ice Magic
  2392 | D:4      | Reached skill level 1 in Air Magic
  2392 | D:4      | Reached skill level 1 in Earth Magic
  2392 | D:4      | Reached skill level 1 in Alchemy
  2406 | D:4      | Reached XP level 5. HP: 25/37 MP: 3/14
  2518 | D:4      | Noticed Ijyb
  2519 | D:4      | Noticed Robin
  2561 | D:4      | Killed Ijyb
  2648 | D:4      | Killed Robin
  2908 | D:4      | Reached XP level 6. HP: 44/44 MP: 9/16
  3068 | D:4      | Reached skill level 5 in Dodging
  3410 | D:5      | Entered Level 5 of the Dungeon
  3472 | D:5      | Noticed a black bear
  3526 | D:5      | Found a glowing drain.
  3573 | D:5      | Killed a black bear
  3574 | D:5      | Reached XP level 7. HP: 45/51 MP: 9/18
  3584 | Sewer    | Entered a sewer
  4100 | Sewer    | Reached skill level 5 in Stealth
  4363 | D:5      | Reached XP level 8. HP: 40/58 MP: 14/19
  4657 | D:5      | Noticed Menkaure
  4672 | D:5      | Killed Menkaure
  4912 | D:5      | Found Qorhaipp's Fire Supplies.
  5253 | D:6      | Found a staircase to the Ecumenical Temple.
  5254 | D:6      | Noticed Eustachio
  5258 | D:6      | Noticed Sigmund
  5308 | D:6      | Killed Eustachio
  5311 | D:6      | Killed Sigmund
  5344 | Temple   | Entered the Ecumenical Temple
  5362 | D:6      | Reached XP level 9. HP: 22/65 MP: 10/21
  5950 | D:6      | Learned a level 3 spell: Frozen Ramparts
  6137 | D:6      | Noticed Edmund
  6167 | D:6      | Killed Edmund
  6253 | D:6      | Found a runed translucent door.
  6253 | D:6      | Found a shimmering altar of Xom.
  6253 | D:6      | Noticed hitsuchi's ghost (novice GnSh)
  6253 | D:6      | Noticed a +2 mace of chaos
  7120 | D:7      | Reached skill level 5 in Invocations
  7607 | D:7      | Learned a level 3 spell: Stone Arrow
  7999 | D:8      | Found a shadowy altar of Dithmenos.
  8019 | D:8      | Reached skill level 5 in Fighting
  8019 | D:8      | Reached skill level 5 in Short Blades
  8019 | D:8      | Reached skill level 5 in Long Blades
  8019 | D:8      | Reached skill level 5 in Axes
  8019 | D:8      | Reached skill level 5 in Maces & Flails
  8019 | D:8      | Reached skill level 5 in Polearms
  8019 | D:8      | Reached skill level 5 in Staves
  8019 | D:8      | Reached skill level 5 in Ranged Weapons
  8019 | D:8      | Reached skill level 5 in Throwing
  8019 | D:8      | Reached skill level 5 in Armour
  8019 | D:8      | Reached skill level 5 in Shields
  8019 | D:8      | Reached skill level 5 in Unarmed Combat
  8019 | D:8      | Reached skill level 5 in Evocations
  8019 | D:8      | Reached XP level 10. HP: 64/74 MP: 15/22
  8309 | D:8      | Found a hide-covered altar of Uskayaw.
  8405 | D:8      | Found an opulent altar of Gozag.
  8650 | D:8      | Found a sacrificial altar of Ru.
  9035 | D:9      | Noticed a two-headed ogre
  9048 | D:9      | Reached skill level 5 in Conjurations
  9048 | D:9      | Reached skill level 5 in Summonings
  9048 | D:9      | Reached skill level 5 in Translocations
  9058 | D:9      | Killed a two-headed ogre
  9059 | D:9      | Reached skill level 5 in Shapeshifting
  9156 | D:9      | Found a broken altar of Ashenzari.
  9368 | D:9      | Found a staircase to the Orcish Mines.
  9896 | D:10     | Entered Level 10 of the Dungeon
  9922 | D:10     | Found a glowing golden altar of the Shining One.
  9959 | D:10     | Found a flagged portal.
  9984 | D:10     | Noticed Grum
  9989 | D:10     | Killed Grum
  9999 | Bailey   | Entered a bailey
 10167 | Bailey   | Reached skill level 5 in Hexes
 10167 | Bailey   | Reached skill level 5 in Necromancy
 10167 | Bailey   | Reached skill level 5 in Fire Magic
 10167 | Bailey   | Reached skill level 5 in Ice Magic
 10167 | Bailey   | Reached skill level 5 in Air Magic
 10167 | Bailey   | Reached skill level 5 in Earth Magic
 10167 | Bailey   | Reached skill level 5 in Alchemy
 10212 | Bailey   | Reached XP level 11. HP: 61/81 MP: 18/24
 10889 | D:10     | Found a sparkling altar of Nemelex Xobeh.
 10959 | D:10     | Found a shimmering blue altar of Sif Muna.
 10962 | D:10     | Found an ancient bone altar of Kikubaaqudgha.
 10968 | D:10     | Became a worshipper of Sif Muna the Loreminder
 11092 | Orc:1    | Entered Level 1 of the Orcish Mines
 11107 | Orc:1    | Noticed an orc high priest
 11109 | Orc:1    | Noticed a sun demon
 11111 | Orc:1    | Noticed an orc sorcerer
 11112 | Orc:1    | Noticed an orc sorcerer
 11114 | Orc:1    | Noticed Nergalle
 11340 | D:9      | Gained mutation: You are robust. (+10% HP) [potion of
                  | mutation]
 11340 | D:9      | Gained mutation: Your system is resistant to poisons.
                  | (rPois) [potion of mutation]
 11340 | D:9      | Gained mutation: Your body sometimes deteriorates upon
                  | taking damage. [potion of mutation]
 11340 | D:9      | Gained mutation: You are very robust. (+20% HP) [potion of
                  | mutation]
 11742 | D:10     | Found a snail-covered altar of Cheibriados.
 12113 | D:11     | Found a staircase to the Lair.
 12249 | D:11     | Found an iron altar of Okawaru.
 12306 | D:11     | Noticed a two-headed ogre
 12307 | D:11     | Noticed a cyclops
 12671 | D:11     | Killed a cyclops
 13095 | D:11     | Killed a two-headed ogre
 13226 | Lair:1   | Entered Level 1 of the Lair of Beasts
 13246 | Lair:1   | Learned a level 5 spell: Borgnjor's Vile Clutch
 13273 | Lair:1   | Reached skill level 10 in Spellcasting
 13384 | Lair:1   | Learned a level 4 spell: Anguish
 13388 | Lair:1   | Learned a level 3 spell: Fugue of the Fallen
 13413 | Lair:1   | Noticed an anaconda
 13414 | Lair:1   | Noticed a six-headed hydra
 13415 | Lair:1   | Noticed a fire crab
 13426 | Lair:1   | Killed a six-headed hydra
 13493 | Lair:1   | Reached XP level 12. HP: 41/109 MP: 3/26
 13541 | Lair:1   | Reached * piety under Sif Muna
 13567 | Lair:1   | Killed an anaconda
 13745 | Lair:1   | Found a shimmering blue altar of Sif Muna.
 13762 | Lair:1   | Learned a level 3 spell: Passwall
 13771 | Lair:1   | Learned a level 3 spell: Swiftness
 14526 | Lair:1   | Noticed an alligator
 14547 | Lair:1   | Killed an alligator
 14818 | Lair:2   | Found a hole to the Spider Nest.
 14900 | Lair:2   | Noticed Amaemon
 15722 | Lair:2   | Reached ** piety under Sif Muna
 16829 | Lair:3   | Found a frozen archway.
 16853 | Lair:3   | Reached XP level 13. HP: 38/117 MP: 17/27
 16865 | IceCv    | Entered an ice cave
 18059 | Lair:3   | Found a runed translucent door.
 18064 | Lair:3   | Noticed Tomate's ghost (journeyman DENe)
 18556 | Lair:3   | Found a staircase to the Shoals.
 18914 | Lair:4   | Killed Amaemon
 18952 | Lair:4   | Reached *** piety under Sif Muna
 19357 | Lair:4   | Reached skill level 10 in Dodging
 19588 | Lair:4   | Found a runed translucent door.
 19589 | Lair:4   | Noticed an acid blob
 19592 | Lair:4   | Found a viscous altar of Jiyva.
 19593 | Lair:4   | Found a staircase to the Slime Pits.
 19593 | Lair:4   | Noticed an acid blob
 19866 | Lair:4   | Identified the +10 hand axe of Classification {spect, rElec
                  | Will- Int+6}
 20075 | Lair:5   | Entered Level 5 of the Lair of Beasts
 20343 | Lair:5   | Reached skill level 10 in Stealth
 20775 | Lair:5   | Reached skill level 10 in Invocations
 20775 | Lair:5   | Reached XP level 14. HP: 87/129 MP: 29/29
 21393 | Lair:5   | Reached **** piety under Sif Muna
 21424 | Lair:5   | Identified the +1 mace "Cuof Ura" {antimagic, +Blink}
 22423 | Lair:5   | Found a corrupted altar of Lugonu.
 22423 | Lair:5   | Found a one-way gate to the infinite horrors of the Abyss.
 22830 | Orc:1    | Killed Nergalle
 23414 | Orc:2    | Entered Level 2 of the Orcish Mines
 23459 | Orc:2    | Reached skill level 10 in Fighting
 23459 | Orc:2    | Reached skill level 10 in Short Blades
 23459 | Orc:2    | Reached skill level 10 in Long Blades
 23459 | Orc:2    | Reached skill level 10 in Axes
 23459 | Orc:2    | Reached skill level 10 in Maces & Flails
 23459 | Orc:2    | Reached skill level 10 in Polearms
 23459 | Orc:2    | Reached skill level 10 in Staves
 23459 | Orc:2    | Reached skill level 10 in Ranged Weapons
 23459 | Orc:2    | Reached skill level 10 in Throwing
 23459 | Orc:2    | Reached skill level 10 in Armour
 23459 | Orc:2    | Reached skill level 10 in Shields
 23459 | Orc:2    | Reached skill level 10 in Unarmed Combat
 23459 | Orc:2    | Reached skill level 10 in Evocations
 23696 | Orc:2    | Reached XP level 15. HP: 122/138 MP: 28/31
 23729 | Orc:2    | Reached ***** piety under Sif Muna
 24101 | Orc:2    | Noticed Saint Roka
 25265 | Orc:1    | Killed Saint Roka
 25717 | Orc:2    | Found Focub's Antique Weapon Boutique.
 25717 | Orc:2    | Found Omit's Book Shoppe.
 25718 | Orc:2    | Found Daxudes's Book Shoppe.
 25718 | Orc:2    | Found Oshraippe's Antique Weapon Shop.
 25736 | Orc:2    | Bought the Unrestrained Analects for 572 gold pieces
 25741 | Orc:2    | Learned a level 4 spell: Olgreb's Toxic Radiance
 25772 | Orc:2    | Lost mutation: Your body sometimes deteriorates upon taking
                  | damage. [potion of mutation]
 25772 | Orc:2    | Lost mutation: Your system is resistant to poisons. (rPois)
                  | [potion of mutation]
 25772 | Orc:2    | Gained mutation: You are extremely robust. (+30% HP)
                  | [potion of mutation]
 25772 | Orc:2    | Gained mutation: Your mind is acute. (Int +4, Str/Dex -1)
                  | [potion of mutation]
 25827 | Orc:2    | Found a staircase to the Elven Halls.
 26084 | Orc:2    | Found a runed translucent gate.
 26084 | Orc:2    | Found a runed translucent gate.
 26084 | Orc:2    | Found a runed translucent gate.
 26148 | Orc:2    | Noticed Lamaleuchte's ghost (journeyman TrWr)
 26335 | Orc:2    | Killed Lamaleuchte's ghost
 26654 | D:12     | Noticed Urug
 26666 | D:12     | Killed Urug
 26667 | D:12     | Identified the +4 quarterstaff of Eternal Harmony {holy,
                  | Will++ Str-3}
 26958 | D:12     | Noticed Nessos
 26969 | D:12     | Killed Nessos
 26969 | D:12     | Received a gift from Sif Muna
 26972 | D:12     | Got Sif Muna's Monograph on Twisted Left-Handed Secrets
                  | {god gift}
 27332 | D:12     | Found a portal to a secret trove of treasure.
 27358 | D:12     | Noticed Maurice
 27367 | D:12     | Killed Maurice
 27372 | D:12     | Identified the +7 scimitar of Buugethro {flame, rElec
                  | Will+}
 27524 | D:12     | Noticed Fannar
 27919 | D:12     | Killed Fannar
 28606 | D:13     | Noticed Kirke
 28677 | D:13     | Killed Kirke
 28758 | D:13     | Found a gate to the Vaults.
 28983 | D:13     | Noticed Rupert
 29006 | D:13     | Killed Rupert
 29179 | D:13     | Found a runed translucent gate.
 29179 | D:13     | Found a runed translucent gate.
 29179 | D:13     | Found a runed translucent gate.
 29182 | D:13     | Noticed Gottschkopf's ghost (journeyman DECj)
 29219 | D:13     | Killed Gottschkopf's ghost
 29627 | D:13     | Reached skill level 10 in Shapeshifting
 30359 | D:13     | Reached XP level 16. HP: 92/155 MP: 18/32
 30643 | D:14     | Identified the +4 ring mail "Wustooss" {rCorr}
 30958 | D:14     | Found a glowing golden altar of the Shining One.
 30960 | D:14     | Found a glowing silver altar of Zin.
 30961 | D:14     | Found a white marble altar of Elyvilon.
 31941 | D:15     | Entered Level 15 of the Dungeon
 32429 | D:15     | Found Sopluhis's Armour Emporium.
 32476 | D:15     | Received a gift from Sif Muna
 32673 | D:15     | Found a staircase to the Depths.
 33404 | Spider:1 | Entered Level 1 of the Spider Nest
 33427 | Spider:1 | Identified the +4 ring mail of Viof Akava {+Blink rPois
                  | rF-}
 33725 | Spider:1 | Reached skill level 10 in Conjurations
 33725 | Spider:1 | Reached skill level 10 in Summonings
 33725 | Spider:1 | Reached skill level 10 in Translocations
 34099 | Spider:1 | Got the Writings on Glaciation and Nonlocality
 35289 | Spider:2 | Noticed Nikola
 35318 | Spider:2 | Killed Nikola
 35319 | Spider:2 | Reached XP level 17. HP: 136/172 MP: 20/34
 35348 | Spider:2 | Reached skill level 10 in Hexes
 35348 | Spider:2 | Reached skill level 10 in Necromancy
 35348 | Spider:2 | Reached skill level 10 in Fire Magic
 35348 | Spider:2 | Reached skill level 10 in Ice Magic
 35348 | Spider:2 | Reached skill level 10 in Air Magic
 35348 | Spider:2 | Reached skill level 10 in Earth Magic
 35348 | Spider:2 | Reached skill level 10 in Alchemy
 35555 | Spider:2 | Identified the +2 leather armour of the Comet {rElec Str+3
                  | Int+3 Dex-2}
 36536 | Spider:3 | Received a gift from Sif Muna
 36549 | Spider:3 | Got Sif Muna's Discursus on Roasted Ectoplasm {god gift}
 36560 | Spider:3 | Learned a level 4 spell: Ignite Poison
 36924 | Spider:3 | HP: 8/168 [steelbarb worm (10)]
 38131 | Spider:4 | Entered Level 4 of the Spider Nest
 38137 | Spider:4 | Paralysed by a jorogumo for 1 turns
 38478 | Spider:4 | Learned a level 7 spell: Ozocubu's Refrigeration
 38624 | Spider:4 | Learned a level 7 spell: Haunt
 39185 | Spider:4 | Identified the +2 quarterstaff "Pivi" {freeze, rC- Str+4
                  | Dex+4 Stlth+}
 39232 | Spider:4 | Received a gift from Sif Muna
 39443 | Spider:4 | Reached XP level 18. HP: 22/183 MP: 0/36
 39980 | Spider:4 | Got a gossamer rune of Zot
 40386 | Elf:1    | Entered Level 1 of the Elven Halls
 41523 | Elf:1    | Got the Enchiridion on the Graveyard
 42636 | Elf:2    | Found a transporter.
 42642 | Elf:2    | Found a transporter.
 42778 | Elf:2    | Identified the +0 pair of boots of the Loving Gods {Rampage
                  | +Blink rF- Str+5}
 42791 | Elf:2    | Found a transporter.
 42791 | Elf:2    | Found a transporter.
 42837 | Elf:2    | Found a transporter.
 42845 | Elf:2    | Found a transporter.
 42958 | Elf:2    | Found a runed translucent gate.
 43024 | Elf:2    | Found a runed translucent gate.
 43025 | Elf:2    | Found a runed translucent gate.
 43466 | Shoals:1 | Entered Level 1 of the Shoals
 43744 | Shoals:1 | Received a gift from Sif Muna
 43745 | Shoals:1 | Got Sif Muna's Tome of Dimensional Fever {god gift}
 43955 | Shoals:1 | You are sucked into a shaft and drop 1 floor!
 43964 | Shoals:2 | Found a transporter.
 44139 | Shoals:2 | Noticed Jafont's ghost (journeyman HOFE)
 45073 | Shoals:2 | Found a transporter.
 45278 | Shoals:2 | Killed Jafont's ghost
 45382 | Shoals:3 | Noticed Ilsuiw
 45396 | Shoals:3 | Reached XP level 19. HP: 169/193 MP: 3/37
 45401 | Shoals:3 | Killed Ilsuiw
 45944 | Shoals:4 | Entered Level 4 of the Shoals
 45956 | Shoals:4 | Reached skill level 15 in Spellcasting
 46196 | Shoals:4 | Noticed Mara
 46245 | Shoals:4 | Noticed Ignak's illusion
 46587 | Shoals:4 | Received a gift from Sif Muna
 46588 | Shoals:4 | Got Sif Muna's Spellbook of Bombardment and the Gang {god
                  | gift}
 47805 | Shoals:4 | Killed Mara
 48375 | Shoals:4 | Paralysed by an air elemental for 1 turns
 49042 | Shoals:4 | Got Xalaywk's Secrets of Igneous Malediction
 49057 | Shoals:4 | Got a barnacled rune of Zot
 49787 | Vaults:1 | Entered Level 1 of the Vaults
 49813 | Vaults:1 | Noticed Norris
 49830 | Vaults:1 | Killed Norris
 49985 | Vaults:1 | Received a gift from Sif Muna
 50215 | Vaults:1 | Reached skill level 15 in Invocations
 50325 | Vaults:1 | Identified the +0 leather armour of the Alphagorgon {rElec
                  | Str+3 Slay+2 SInv}
 50327 | Vaults:1 | Identified the +4 short sword "Riam" {antimagic, +Blink
                  | Str+3}
 50357 | Vaults:1 | Identified the staff of Valiance {rC+ MP+9 Stlth+ Ice}
 50679 | Vaults:1 | Reached XP level 20. HP: 129/205 MP: 11/39
 51830 | Vaults:1 | Reached skill level 15 in Short Blades
 51891 | Vaults:1 | Found Etwisolo's General Store.
 52060 | Vaults:1 | Received a gift from Sif Muna
 52061 | Vaults:1 | Got Remad's Precepts of Charms and Impurities {god gift}
 52769 | Vaults:2 | Identified the amulet of Summertime {Faith Rampage Dex+5}
 53000 | Vaults:2 | Reached skill level 15 in Dodging
 53453 | Vaults:2 | Reached skill level 15 in Stealth
 53571 | Vaults:2 | Found the macabre finger necklace {Finger+ rN+}
 54333 | Vaults:3 | Found a staircase to the Crypt.
 54439 | Vaults:3 | Reached XP level 21. HP: 215/215 MP: 34/41
 54748 | Vaults:3 | Received a gift from Sif Muna
 54760 | Vaults:3 | Learned a level 5 spell: Lee's Rapid Deconstruction
 55708 | Vaults:3 | Noticed Donald
 55724 | Vaults:3 | Killed Donald
 55837 | Vaults:3 | Found a huge runed translucent gate.
 55837 | Vaults:3 | Found a huge runed translucent gate.
 55837 | Vaults:3 | Found a huge runed translucent gate.
 55839 | Vaults:3 | Found a huge runed translucent gate.
 55840 | Vaults:3 | Found a huge runed translucent gate.
 55840 | Vaults:3 | Found a huge runed translucent gate.
 55840 | Vaults:3 | Found a huge runed translucent gate.
 55840 | Vaults:3 | Found a huge runed translucent gate.
 55840 | Vaults:3 | Found a huge runed translucent gate.
 55841 | Vaults:3 | Found a huge runed translucent gate.
 55841 | Vaults:3 | Found a huge runed translucent gate.
 55841 | Vaults:3 | Found a huge runed translucent gate.
 55841 | Vaults:3 | Found a huge runed translucent gate.
 55844 | Vaults:3 | Found a huge runed translucent gate.
 55845 | Vaults:3 | Found a huge runed translucent gate.
 55846 | Vaults:3 | Found a huge runed translucent gate.
 55846 | Vaults:3 | Found a huge runed translucent gate.
 55847 | Vaults:3 | Found a huge runed translucent gate.
 55848 | Vaults:3 | Found a huge runed translucent gate.
 55849 | Vaults:3 | Found a huge runed translucent gate.
 55850 | Vaults:3 | Found a huge runed translucent gate.
 55850 | Vaults:3 | Found a huge runed translucent gate.
 55855 | Vaults:3 | Found a huge runed translucent gate.
 55877 | Vaults:3 | Noticed a golden dragon
 56098 | Vaults:3 | Killed a golden dragon
 56099 | Vaults:3 | Reached skill level 15 in Fighting
 56099 | Vaults:3 | Reached skill level 15 in Long Blades
 56099 | Vaults:3 | Reached skill level 15 in Axes
 56099 | Vaults:3 | Reached skill level 15 in Maces & Flails
 56099 | Vaults:3 | Reached skill level 15 in Polearms
 56099 | Vaults:3 | Reached skill level 15 in Staves
 56099 | Vaults:3 | Reached skill level 15 in Ranged Weapons
 56099 | Vaults:3 | Reached skill level 15 in Throwing
 56099 | Vaults:3 | Reached skill level 15 in Armour
 56099 | Vaults:3 | Reached skill level 15 in Shields
 56099 | Vaults:3 | Reached skill level 15 in Unarmed Combat
 56099 | Vaults:3 | Reached skill level 15 in Evocations
 56112 | Vaults:3 | Identified the ring "Gusch" {Fly rPois rN+ Dex-2 SInv}
 56315 | Vaults:3 | Noticed Margery
 56368 | Vaults:3 | Killed Margery
 56558 | Vaults:4 | Received a gift from Sif Muna
 56706 | Vaults:4 | Got Sif Muna's Octavo of Breath {god gift}
 56717 | Vaults:4 | Learned a level 8 spell: Maxwell's Capacitive Coupling
 57832 | Vaults:4 | Received a gift from Sif Muna
 57841 | Vaults:4 | Got Sif Muna's Octavo of Calefaction and Bodies {god gift}
 58282 | Vaults:5 | Entered Level 5 of the Vaults
 58286 | Vaults:5 | Reached XP level 22. HP: 207/227 MP: 21/42
 58584 | Vaults:5 | Noticed a dread lich
 58596 | Vaults:5 | Killed a dread lich
 58619 | Vaults:5 | HP: 4/228 [shadow dragon simulacrum (46)]
 58638 | Vaults:5 | Upgraded the game from 0.31.0-9-g3a7656b989 to
                  | 0.31.0-11-ge490571c62
 58656 | Vaults:5 | Noticed a golden dragon
 58696 | Vaults:5 | HP: 4/230 [titan (42)]
 58698 | Vaults:5 | Shot with a bolt by a yaktaur captain

Illustrated notes

Levels and vault maps discovered:
D:1:      orjb1_lava_funnel, layout_rooms
D:2:      layout_loops_ring, ebering_ecumenical_altar_box, minmay_3d_cube
D:3:      layout_rooms
D:4:      layout_gridville, nicolae_goblin_pals, uniq_ijyb
D:5:      layout_loops_ring, portal_sewer_entry_a, nicolae_shop_fire_sale
          [nicolae_sub_dead_trees], grunt_ministairs_8, uniq_menkaure
D:6:      layout_basic, minmay_temple_entry_arrows, ebering_ghost_xom,
          uniq_sigmund, uniq_edmund, uniq_eustachio
D:7:      layout_layer_cave, kennysheep_windowed_goal
D:8:      layout_cave_pools, mainiacjoe_overflow_big_doors, grunt_gozag_statues,
          nicolae_uskayaw_murder_on_the_dancefloor, serial_glass,
          glass_columns_a, glass_columns_c, glass_columns_a, glass_columns_a,
          glass_columns_b, glass_columns_a, glass_columns_a, glass_columns_c
D:9:      layout_gridville, evilmike_ruin_ashenzari, orc_david_3
D:10:     nicolae_whirlpool, layout_gridville, nemelex_diamond_rough_becter,
          grunt_temple_overflow_diamond, nicolae_tso_swordbearing_angel,
          enter_bailey_5, hangedman_abyss_or_decor_slice, uniq_grum
D:11:     layout_loops_ring, due_lair_maze_entry_diamond,
          hangedman_decor_clover_reticule, okawaru_gym_becter
D:12:     layout_roguey [special_room_orc], enter_trove_3, uniq_fannar,
          uniq_urug, uniq_nessos, uniq_maurice
D:13:     layout_roguey, david_vaults_5, gammafunk_ghost_hydra_chop, uniq_kirke,
          uniq_rupert
D:14:     layout_cave_pods, good_gods_temple_1
D:15:     gammafunk_enter_depths_forms, layout_small_grid, serial_shops, shop
Temple:   hc_temple_tempest_star
Lair:1:   minmay_lair_venomous_thicket, layout_chaotic_city, basic_altar,
          nicolae_lair_lakeside_cave
Lair:2:   layout_big_grid, spider_nest_entry_web_field, serial_bayou,
          serial_bayou_ford_a, serial_bayou_lagoon_a, serial_bayou_lagoon_b,
          serial_bayou_crossing, uniq_amaemon
Lair:3:   layout_cave_shapes, minmay_shoals_entry_hut,
          ebering_ghost_inner_flame, portal_ice_cave_demonic_guard,
          grunt_forest_small_clearing_treed
Lair:4:   layout_gridlike, slime_entry_2
Lair:5:   hellmonk_lair_end_abyssal_woods, layout_gridlike
Shoals:1: layout_shoals, nicolae_shoals_drake_roost
Shoals:2: layout_shoals, gammafunk_ghost_arena, nicolae_tricolors
Shoals:3: layout_shoals, uniq_ilsuiw
Shoals:4: shoals_end_hellmonk_storm_palace [storm_palace_center_circular,
          storm_palace_corner_narrow, storm_palace_corner_narrow,
          storm_palace_corner_reverse_hut, storm_palace_corner_reverse_hut],
          uniq_mara
Spider:1: layout_chambers, beargit_elvish_explorers
Spider:2: layout_spider_delve, hellmonk_narrow_tunnel, uniq_nikola
Spider:3: layout_spider_delve, nicolae_spider_jagged_tunnels
Spider:4: grunt_spider_rune_parallel
Orc:1:    layout_caves, lemuel_statue_altar, uniq_nergalle
Orc:2:    st_orc_ogre_mass, layout_caves, gammafunk_ghost_necromancy,
          mines2_lemuel, uniq_saint_roka
Elf:1:    eino_elf_arrival_shootout, layout_gridlike, minmay_elf_necromancy
Elf:2:    elven_hall_of_blades_hangedman_original
          [nicolae_blade_entry_area_security], layout_geoelf_octagon,
          nicolae_elf_glass_and_crystal_pillar_2, serial_nicolae_subway,
          nicolae_sub_station_crystal, nicolae_sub_station_stone,
          nicolae_sub_station_metal
Vaults:1: v_misc_31, nicolae_vaults_doubleplus_tesselated, vaults_dpeg_doors,
          vaults_room_ringed_pool, nicolae_vaults_arrows,
          vaults_room_grunt_arrival_ludios, v_misc_14,
          nicolae_vaults_storing_the_good_stuff,
          nicolae_vaults_frosty_reception, vaults_room_pools,
          nicolae_vaults_apartment_2, vaults_dpeg_emergency_exit,
          vaults_room_grid, grunt_vaults_diagonal, layout_vaults_omnibox,
          serial_shops, nicolae_shop_waterfront, uniq_norris
Vaults:2: nicolae_vaults_closet_pinwheel_4, grunt_vaults_trifunnel, v_rooms_6,
          v_misc_25, hangedman_vaults_unwind, nicolae_vaults_three_branches,
          nicolae_vaults_apartment_1, layout_vaults_big_room
Vaults:3: ontoclasm_vaults_fault, minmay_crypt_entry_simple_corners,
          nicolae_vaults_rhombus_7, nicolae_vaults_ellipses_ellipsis, v_rooms_1,
          v_misc_29, nicolae_vaults_sightless_eye, vaults_dpeg_diagonal,
          hangedman_vaults_nails, hangedman_vaults_variations,
          nicolae_vaults_tetromino_T_1, door_vault, v_misc_19,
          layout_vaults_maze_bifur, uniq_margery, uniq_donald
Vaults:4: nicolae_vaults_closet_pinwheel_6, vaults_mumra_hexcomb,
          vaults_standard_mumra_x, ontoclasm_vaults_spin,
          ontoclasm_vaults_pinch, nicolae_vaults_cochlea,
          nicolae_vaults_weapon_check, vaults_dpeg_hooks, layout_vaults_omnigrid
Vaults:5

Skill      XL: |  1  2  3  4  5  6  7  8  9 10 11 12 13 14 15 16 17 18 19 20 21 22 |
---------------+-------------------------------------------------------------------+-----
Conjurations   | 2 3 4 5 6 7 8 9 10 11 12 13 | 13.5
Summonings     | 2 3 4 5 6 7 8 9 10 11 12 13 | 13.5
Translocations | 2 3 4 5 6 7 8 9 10 11 12 13 | 13.5
Invocations    | 1 2 3 4 5 6 7 8 10 11 12 13 14 15 16 17 | 17.0
Fighting       | 1 2 3 5 6 7 8 9 10 11 12 13 14 15 | 15.6
Short Blades   | 1 2 3 5 6 7 8 9 10 11 12 13 14 15 17 | 17.7
Long Blades    | 1 2 3 5 6 7 8 9 10 11 12 13 14 15 | 15.6
Axes           | 1 2 3 5 6 7 8 9 10 11 12 13 14 15 | 15.6
Maces & Flails | 1 2 3 5 6 7 8 9 10 11 12 13 14 15 | 15.6
Polearms       | 1 2 3 5 6 7 8 9 10 11 12 13 14 15 | 15.6
Staves         | 1 2 3 5 6 7 8 9 10 11 12 13 14 15 | 15.6
Ranged Weapons | 1 2 3 5 6 7 8 9 10 11 12 13 14 15 | 15.6
Throwing       | 1 2 3 5 6 7 8 9 10 11 12 13 14 15 | 15.6
Armour         | 1 2 3 5 6 7 8 9 10 11 12 13 14 15 | 15.6
Shields        | 1 2 3 5 6 7 8 9 10 11 12 13 14 15 | 15.6
Unarmed Combat | 1 2 3 5 6 7 8 9 10 11 12 13 14 15 | 15.6
Evocations     | 1 2 3 5 6 7 8 9 10 11 12 13 14 15 | 15.6
Shapeshifting  | 1 2 3 4 5 6 7 8 9 10 11 12 13 14 | 14.4
Hexes          | 1 2 3 4 5 6 7 8 9 10 11 12 13 | 13.3
Necromancy     | 1 2 3 4 5 6 7 8 9 10 11 12 13 | 13.3
Fire Magic     | 1 2 3 4 5 6 7 8 9 10 11 12 13 | 13.3
Ice Magic      | 1 2 3 4 5 6 7 8 9 10 11 12 13 | 13.3
Air Magic      | 1 2 3 4 5 6 7 8 9 10 11 12 13 | 13.3
Earth Magic    | 1 2 3 4 5 6 7 8 9 10 11 12 13 | 13.3
Alchemy        | 1 2 3 4 5 6 7 8 9 10 11 12 13 | 13.3
Dodging        | 5 6 7 8 9 10 11 12 13 14 15 16 | 16.2
Stealth        | 5 6 7 8 9 10 11 12 13 14 15 16 | 16.1
Spellcasting   | 8 9 10 11 12 13 14 15 16 17 | 17.0

Action                     |  1- 3 |  4- 6 |  7- 9 | 10-12 | 13-15 | 16-18 | 19-21 | 22-24 || total
---------------------------+-------+-------+-------+-------+-------+-------+-------+-------++-------
  Melee: Dagger            |    61 |   190 |   297 |       |       |       |       |       ||   548
         Bite              |     5 |    16 |    54 |    60 |   140 |   155 |   217 |     7 ||   654
         Punch             |       |     2 |    17 |    30 |    82 |     1 |       |       ||   132
         Unarmed           |       |     5 |       |       |     6 |       |     1 |       ||    12
         Hand axe          |       |       |   142 |    20 |   605 |   587 |   122 |       ||  1476
         Scimitar          |       |       |       |   512 |   166 |   284 |  1017 |    34 ||  2013
         Double sword      |       |       |       |    22 |    56 |       |       |       ||    78
  Throw: Dart              |     3 |    14 |       |    11 |     5 |     5 |       |       ||    38
         Throwing net      |       |       |       |     1 |       |       |       |       ||     1
   Cast: Magic Dart        |    48 |     9 |     7 |       |       |       |       |       ||    64
         Call Imp          |     4 |    23 |    27 |     5 |    13 |     8 |       |       ||    80
         Mephitic Cloud    |       |    13 |    35 |    74 |    44 |    10 |     6 |       ||   182
         Blink             |       |     1 |     1 |     6 |    23 |     4 |     7 |     4 ||    46
         Stone Arrow       |       |       |       |    25 |   100 |    64 |    15 |       ||   204
         Frozen Ramparts   |       |       |       |     5 |     3 |    12 |       |       ||    20
         Fugue of the Fall |       |       |       |     6 |    31 |    25 |     8 |       ||    70
         Anguish           |       |       |       |    10 |    53 |     1 |     3 |       ||    67
         Polar Vortex      |       |       |       |       |     1 |       |     3 |     2 ||     6
         Olgreb's Toxic Ra |       |       |       |       |    10 |   145 |   100 |     8 ||   263
         Passwall          |       |       |       |       |     1 |     1 |       |       ||     2
         Swiftness         |       |       |       |       |     1 |       |     1 |       ||     2
         Ignite Poison     |       |       |       |       |       |    12 |       |       ||    12
         Ozocubu's Refrige |       |       |       |       |       |    41 |    61 |     2 ||   104
         Haunt             |       |       |       |       |       |     8 |    75 |     3 ||    86
         Lee's Rapid Decon |       |       |       |       |       |       |    15 |       ||    15
         Maxwell's Capacit |       |       |       |       |       |       |     3 |     8 ||    11
 Invoke: Divine Exegesis   |       |       |       |       |     1 |       |     3 |     2 ||     6
         Channel Magic     |       |       |       |       |     1 |     2 |     3 |     2 ||     8
  Evoke: Wand              |       |       |     2 |     6 |    17 |       |       |       ||    25
         Box of beasts     |       |       |       |       |     2 |     2 |       |       ||     4
         Lightning rod     |       |       |       |       |       |       |     1 |       ||     1
    Use: Potion            |       |     1 |       |     3 |     9 |     3 |       |     5 ||    21
         Scroll            |       |     6 |     4 |    16 |     9 |    14 |     8 |     7 ||    64
   Stab: Sleeping          |     3 |     4 |    11 |     5 |    11 |    20 |    22 |       ||    76
         Distracted        |     1 |       |     1 |     1 |     6 |     8 |     6 |       ||    23
         Confused          |       |     3 |    25 |    28 |    14 |     6 |     2 |       ||    78
 Armour: Robe              |    45 |    99 |    88 |       |       |       |       |       ||   232
         Leather armour    |       |       |   187 |   185 |   178 |       |       |       ||   550
         Acid dragon scale |       |       |       |   247 |   654 |   601 |       |       ||  1502
         Skin              |       |       |       |    12 |     2 |       |     6 |       ||    20
         Steam dragon scal |       |       |       |       |       |    32 |   364 |       ||   396
         Troll leather arm |       |       |       |       |       |       |   557 |    98 ||   655
  Dodge: Dodged            |    72 |   144 |   312 |   479 |   657 |   403 |   690 |   102 ||  2859
  Block: Other             |       |       |       |       |    47 |       |       |       ||    47
         Reflection        |       |       |       |       |     3 |    27 |    38 |     6 ||    74
         Buckler           |       |       |       |       |       |   540 |   821 |    59 ||  1420
